[ AOE2 MATCH · #458682787 ]
UnrankedBengalis vs Italians
[ REPLAY ANALYSIS · EXTRACTED FROM THE RECORDED GAME ]
Feudal
10:21
Castle
27:29
Imperial
38:43
| APM avg | 36.5 |
| APM peak | 95 |
| eAPM avg | 21.0 |
| Villagers / military | 163 / 172 |
Focus
⚔️ 21.3% · 🌾 78.7%
Elephant Archer ×161 · Militia ×5 · Spearman ×5 · Trade Cart ×2 · Monk ×1
Feudal
13:33
Castle
19:02
Imperial
34:47
| APM avg | 16.5 |
| APM peak | 70 |
| eAPM avg | 11.5 |
| Villagers / military | 141 / 137 |
Focus
⚔️ 35.7% · 🌾 64.3%
Rattan Archer ×66 · Spearman ×50 · Trebuchet (Packed) ×20 · Monk ×1
Feudal
11:35
Castle
20:07
Imperial
33:52
| APM avg | 35.8 |
| APM peak | 95 |
| eAPM avg | 14.1 |
| Villagers / military | 126 / 105 |
Focus
⚔️ 29.0% · 🌾 71.0%
Scout Cavalry ×58 · Mangonel ×24 · Genoese Crossbowman ×15 · Bombard Cannon ×5 · Trebuchet (Packed) ×3
Feudal
11:24
Castle
17:03
Imperial
35:27
| APM avg | 21.0 |
| APM peak | 41 |
| eAPM avg | 14.5 |
| Villagers / military | 153 / 40 |
Focus
⚔️ 16.9% · 🌾 83.1%
Bombard Cannon ×38 · Monk ×2 · Trade Cart ×2
Feudal
13:18
Castle
18:11
Imperial
36:22
| APM avg | 15.9 |
| APM peak | 37 |
| eAPM avg | 13.3 |
| Villagers / military | 144 / 5 |
Focus
⚔️ 23.8% · 🌾 76.2%
Unknown (2550) ×180 · Unknown (2586) ×119 · Trebuchet (Packed) ×4 · Monk ×1
Feudal
12:22
Castle
19:43
Imperial
34:39
| APM avg | 17.8 |
| APM peak | 39 |
| eAPM avg | 14.3 |
| Villagers / military | 127 / 189 |
Focus
⚔️ 39.6% · 🌾 60.4%
Knight ×136 · Scout Cavalry ×32 · Trade Cart ×22 · Hand Cannoneer ×14 · Monk ×7
Feudal
15:47
Castle
22:02
Imperial
32:32
| APM avg | 20.7 |
| APM peak | 47 |
| eAPM avg | 16.1 |
| Villagers / military | 187 / 53 |
Focus
⚔️ 23.0% · 🌾 77.0%
Bombard Cannon ×27 · Knight ×25 · Monk ×1
Feudal
18:45
Castle
—
Imperial
—
| APM avg | 3.4 |
| APM peak | 17 |
| eAPM avg | 2.7 |
| Villagers / military | 25 / 22 |
Focus
⚔️ 15.5% · 🌾 84.5%
Spearman ×20 · Militia ×2
Match map
Initial resources + every placement click. Lines = walls · curves = elevation contours. ◆ gold · ⬟ stone · ● berries · ✦ relic · ◌ wall gap
Your base· ✓ Closed at 27:29 · 12t walls · 2 gate(s)
islesofurth's base· ✓ Closed at 19:02 · 39t walls · no gate
Zeusman's base· ✓ Closed at 20:07 · 25t walls · no gate
TORO MOLACHO's base· ✓ Closed at 17:03 · 7t walls · 1 gate(s)
Hrakiir's base· ✓ Closed at 18:11 · 8t walls · no gate
tunglam.4747's base· ✓ Closed at 19:43 · 0t walls · no gate
日月山河!'s base· ✓ Closed at 22:02 · 34t walls · no gate
ab1920887041's base· Open — unwalled flank
Smoothed initial terrain · ◌ = detected wall gap · hover for details
Inputs per minute
— seenulator - - islesofurth
Build order — seenulator
First 150 of 427 actions detected
| 0:01 | Create | Villager (Male) |
| 0:01 | Create | Villager (Male) |
| 0:02 | Create | Villager (Male) |
| 0:02 | Create | Villager (Male) |
| 0:04 | Build | House |
| 0:06 | Build | House |
| 1:25 | Create | Villager (Male) |
| 1:26 | Create | Villager (Male) |
| 1:46 | Research | Loom |
| 2:40 | Create | Villager (Male) |
| 2:40 | Create | Villager (Male) |
| 3:41 | Create | Villager (Male) |
| 3:41 | Create | Villager (Male) |
| 4:10 | Build | Lumber Camp |
| 4:29 | Create | Villager (Male) |
| 5:02 | Build | House |
| 5:07 | Create | Villager (Male) |
| 5:08 | Create | Villager (Male) |
| 5:37 | Create | Villager (Male) |
| 6:07 | Create | Villager (Male) |
| 6:08 | Create | Villager (Male) |
| 6:28 | Create | Villager (Male) |
| 6:51 | Create | Villager (Male) |
| 7:05 | Create | Villager (Male) |
| 7:19 | Create | Villager (Male) |
| 7:22 | Build | Mill |
| 7:38 | Build | House |
| 7:49 | Create | Villager (Male) |
| 7:54 | Build | House |
| 8:11 | Research | Feudal Age |
| 9:00 | Build | Palisade Wall |
| 9:06 | Create | Villager (Male) |
| 9:07 | Create | Villager (Male) |
| 9:16 | Build | House |
| 9:46 | Create | Villager (Male) |
| 10:13 | Create | Villager (Male) |
| 10:21 | Age | Feudal Age |
| 10:38 | Build | Barracks |
| 11:10 | Create | Villager (Male) |
| 11:10 | Create | Villager (Male) |
| 11:20 | Create | Villager (Male) |
| 11:25 | Create | Spearman |
| 11:26 | Create | Spearman |
| 12:01 | Build | House |
| 12:06 | Build | House |
| 12:20 | Create | Villager (Male) |
| 12:20 | Create | Villager (Male) |
| 12:23 | Create | Militia |
| 12:23 | Create | Militia |
| 12:24 | Create | Militia |
| 12:43 | Build | Palisade Gate |
| 12:57 | Create | Villager (Male) |
| 12:57 | Create | Villager (Male) |
| 13:03 | Build | Mill |
| 13:11 | Create | Spearman |
| 13:20 | Build | Palisade Wall |
| 13:22 | Create | Villager (Male) |
| 13:22 | Create | Villager (Male) |
| 13:56 | Build | Market |
| 14:59 | Build | Farm |
| 14:59 | Build | Farm |
| 14:59 | Build | Farm |
| 15:00 | Build | Farm |
| 15:00 | Build | Farm |
| 15:00 | Build | Farm |
| 15:01 | Build | Farm |
| 15:49 | Build | Lumber Camp |
| 16:10 | Create | Villager (Male) |
| 16:11 | Create | Villager (Male) |
| 16:11 | Create | Villager (Male) |
| 16:11 | Create | Villager (Male) |
| 16:12 | Create | Villager (Male) |
| 16:12 | Create | Villager (Male) |
| 16:36 | Build | Mining Camp |
| 17:13 | Research | Man-at-Arms (upgrade) |
| 17:18 | Create | Militia |
| 17:18 | Create | Militia |
| 17:22 | Create | Spearman |
| 17:22 | Create | Spearman |
| 18:03 | Create | Villager (Male) |
| 18:03 | Create | Villager (Male) |
| 18:27 | Build | Watch Tower |
| 18:32 | Create | Villager (Male) |
| 18:33 | Create | Villager (Male) |
| 18:35 | Build | House |
| 18:36 | Build | House |
| 18:37 | Build | House |
| 18:37 | Build | House |
| 18:37 | Build | House |
| 18:37 | Build | House |
| 18:38 | Build | House |
| 18:38 | Build | House |
| 18:38 | Build | House |
| 18:38 | Build | House |
| 18:39 | Build | House |
| 18:39 | Build | House |
| 18:39 | Build | House |
| 18:40 | Build | House |
| 18:41 | Build | House |
| 18:41 | Build | House |
| 18:42 | Build | House |
| 18:42 | Build | House |
| 19:06 | Create | Villager (Male) |
| 19:07 | Create | Villager (Male) |
| 19:18 | Build | Farm |
| 19:18 | Build | Farm |
| 19:18 | Build | Farm |
| 19:18 | Build | Farm |
| 19:19 | Build | Farm |
| 19:19 | Build | Farm |
| 19:26 | Research | Double-Bit Axe |
| 20:12 | Create | Villager (Male) |
| 20:13 | Create | Villager (Male) |
| 20:41 | Create | Villager (Male) |
| 20:42 | Create | Villager (Male) |
| 20:50 | Build | Lumber Camp |
| 21:47 | Build | Watch Tower |
| 21:53 | Create | Villager (Male) |
| 21:53 | Create | Villager (Male) |
| 22:21 | Create | Villager (Male) |
| 22:22 | Create | Villager (Male) |
| 23:04 | Create | Villager (Male) |
| 23:05 | Create | Villager (Male) |
| 23:05 | Create | Villager (Male) |
| 23:24 | Build | Lumber Camp |
| 23:29 | Build | Lumber Camp |
| 23:49 | Build | Blacksmith |
| 23:54 | Create | Villager (Male) |
| 23:55 | Create | Villager (Male) |
| 24:27 | Research | Castle Age |
| 25:11 | Build | Farm |
| 25:11 | Build | Farm |
| 25:11 | Build | Farm |
| 25:12 | Build | Farm |
| 25:12 | Build | Farm |
| 25:12 | Build | Farm |
| 25:13 | Build | Farm |
| 25:13 | Build | Farm |
| 25:14 | Build | Farm |
| 25:14 | Build | Farm |
| 25:17 | Research | Horse Collar |
| 25:48 | Build | Palisade Gate |
| 26:02 | Create | Villager (Male) |
| 26:02 | Create | Villager (Male) |
| 26:03 | Create | Villager (Male) |
| 26:12 | Build | Farm |
| 26:12 | Build | Farm |
| 26:12 | Build | Farm |
| 26:13 | Build | Farm |
| 26:13 | Build | Farm |
Build order — islesofurth
First 150 of 315 actions detected
| 0:01 | Research | Loom |
| 0:03 | Build | House |
| 0:10 | Build | House |
| 0:27 | Create | Villager (Male) |
| 0:28 | Create | Villager (Male) |
| 0:28 | Create | Villager (Male) |
| 0:28 | Create | Villager (Male) |
| 0:47 | Build | Palisade Wall |
| 1:24 | Build | Palisade Wall |
| 1:26 | Build | Palisade Wall |
| 1:29 | Build | Palisade Wall |
| 1:33 | Build | Palisade Wall |
| 1:36 | Build | Palisade Wall |
| 1:40 | Build | Palisade Wall |
| 1:41 | Build | Palisade Wall |
| 1:41 | Build | Palisade Wall |
| 1:42 | Build | Palisade Wall |
| 1:43 | Build | Palisade Wall |
| 1:44 | Build | Palisade Wall |
| 1:53 | Build | Palisade Wall |
| 1:54 | Create | Villager (Male) |
| 1:54 | Create | Villager (Male) |
| 2:41 | Create | Villager (Male) |
| 2:41 | Create | Villager (Male) |
| 3:01 | Create | Villager (Male) |
| 3:01 | Create | Villager (Male) |
| 3:02 | Create | Villager (Male) |
| 3:23 | Create | Villager (Male) |
| 3:23 | Create | Villager (Male) |
| 3:31 | Create | Villager (Male) |
| 3:31 | Create | Villager (Male) |
| 3:31 | Create | Villager (Male) |
| 3:37 | Build | Palisade Wall |
| 4:02 | Build | Palisade Wall |
| 4:12 | Create | Villager (Male) |
| 4:12 | Create | Villager (Male) |
| 4:12 | Create | Villager (Male) |
| 4:57 | Create | Villager (Male) |
| 4:58 | Create | Villager (Male) |
| 4:58 | Create | Villager (Male) |
| 5:17 | Build | Lumber Camp |
| 5:23 | Create | Villager (Male) |
| 5:24 | Create | Villager (Male) |
| 5:24 | Create | Villager (Male) |
| 5:26 | Create | Villager (Male) |
| 5:26 | Create | Villager (Male) |
| 6:07 | Build | House |
| 6:40 | Build | Palisade Wall |
| 6:51 | Build | Palisade Wall |
| 6:55 | Build | Palisade Wall |
| 7:04 | Create | Villager (Male) |
| 7:04 | Create | Villager (Male) |
| 7:05 | Create | Villager (Male) |
| 7:11 | Build | Mill |
| 7:12 | Create | Villager (Male) |
| 7:12 | Create | Villager (Male) |
| 7:23 | Build | House |
| 7:41 | Build | Mill |
| 7:44 | Create | Villager (Male) |
| 7:44 | Create | Villager (Male) |
| 8:17 | Build | House |
| 8:19 | Build | House |
| 8:23 | Build | House |
| 9:34 | Create | Villager (Male) |
| 9:35 | Create | Villager (Male) |
| 9:56 | Create | Villager (Male) |
| 9:56 | Create | Villager (Male) |
| 11:23 | Research | Feudal Age |
| 11:33 | Create | Villager (Male) |
| 11:33 | Create | Villager (Male) |
| 11:48 | Build | Mining Camp |
| 13:33 | Age | Feudal Age |
| 13:40 | Research | Double-Bit Axe |
| 13:44 | Research | Horse Collar |
| 14:03 | Build | Stone Wall |
| 14:22 | Build | Market |
| 14:31 | Build | Blacksmith |
| 14:35 | Build | Farm |
| 14:37 | Build | Farm |
| 14:41 | Create | Villager (Male) |
| 14:42 | Create | Villager (Male) |
| 15:19 | Build | Mining Camp |
| 15:32 | Create | Villager (Male) |
| 15:38 | Create | Villager (Male) |
| 16:04 | Build | Outpost |
| 16:10 | Research | Castle Age |
| 16:49 | Build | House |
| 16:50 | Build | House |
| 16:51 | Build | House |
| 16:52 | Build | House |
| 16:54 | Build | House |
| 17:02 | Build | Farm |
| 17:04 | Build | Farm |
| 17:07 | Build | Farm |
| 18:08 | Build | Farm |
| 18:12 | Build | Farm |
| 18:53 | Research | Gold Mining |
| 18:54 | Research | Stone Mining |
| 18:59 | Research | Wheelbarrow |
| 19:02 | Age | Castle Age |
| 19:11 | Build | Town Center |
| 19:32 | Build | Stone Wall |
| 19:38 | Research | Town Watch |
| 20:05 | Create | Villager (Male) |
| 20:30 | Build | Castle |
| 20:41 | Build | Gate |
| 20:45 | Build | Stone Wall |
| 20:49 | Build | Stone Wall |
| 20:59 | Create | Villager (Male) |
| 20:59 | Create | Villager (Male) |
| 20:59 | Create | Villager (Male) |
| 21:00 | Create | Villager (Male) |
| 21:04 | Build | Farm |
| 21:05 | Build | Farm |
| 21:08 | Build | Farm |
| 21:13 | Build | Farm |
| 21:15 | Create | Villager (Male) |
| 21:15 | Create | Villager (Male) |
| 21:15 | Create | Villager (Male) |
| 21:28 | Build | Farm |
| 22:35 | Create | Villager (Male) ×5 |
| 22:56 | Create | Villager (Male) |
| 22:57 | Create | Villager (Male) |
| 22:57 | Create | Villager (Male) |
| 23:05 | Build | Town Center |
| 23:19 | Build | Stone Wall |
| 23:23 | Research | Fletching |
| 23:33 | Build | Farm |
| 23:36 | Build | Farm |
| 23:40 | Build | Farm |
| 23:45 | Build | Farm |
| 23:47 | Build | Farm |
| 24:00 | Create | Villager (Male) ×3 |
| 24:03 | Create | Rattan Archer |
| 24:04 | Create | Rattan Archer |
| 24:28 | Create | Villager (Male) ×3 |
| 24:48 | Build | Town Center |
| 24:54 | Create | Villager (Male) ×3 |
| 25:08 | Research | Bow Saw |
| 25:31 | Build | Farm |
| 25:34 | Build | Farm |
| 25:41 | Build | Farm |
| 25:44 | Build | Farm |
| 25:47 | Build | Farm |
| 25:51 | Build | Farm |
| 25:52 | Create | Villager (Male) ×5 |
| 26:19 | Build | Town Center |
| 26:22 | Build | Mining Camp |
| 26:35 | Create | Villager (Male) ×5 |
| 27:28 | Research | Hand Cart |
Build order — Zeusman
First 150 of 389 actions detected
| 0:01 | Create | Villager (Male) |
| 0:01 | Create | Villager (Male) |
| 0:02 | Create | Villager (Male) |
| 0:03 | Build | House |
| 0:05 | Build | House |
| 0:14 | Create | Villager (Male) |
| 1:22 | Research | Loom |
| 1:32 | Create | Villager (Male) |
| 2:23 | Create | Villager (Male) |
| 2:54 | Create | Villager (Male) |
| 2:54 | Create | Villager (Male) |
| 3:28 | Create | Villager (Male) |
| 3:51 | Create | Villager (Male) |
| 3:55 | Create | Villager (Male) |
| 4:04 | Build | House |
| 4:25 | Create | Villager (Male) |
| 4:50 | Create | Villager (Male) |
| 5:44 | Create | Villager (Male) |
| 5:50 | Create | Villager (Male) |
| 5:51 | Create | Villager (Male) |
| 5:54 | Build | House |
| 6:04 | Create | Villager (Male) |
| 6:05 | Create | Villager (Male) |
| 6:16 | Build | Mill |
| 6:36 | Build | Mill |
| 6:59 | Create | Villager (Male) |
| 7:16 | Create | Villager (Male) |
| 7:23 | Create | Villager (Male) |
| 7:41 | Create | Villager (Male) |
| 8:57 | Build | Lumber Camp |
| 9:00 | Create | Villager (Male) |
| 9:17 | Build | House |
| 9:24 | Research | Feudal Age |
| 9:27 | Create | Villager (Male) |
| 10:08 | Create | Villager (Male) |
| 10:28 | Build | Mining Camp |
| 11:10 | Create | Villager (Male) |
| 11:11 | Create | Villager (Male) |
| 11:24 | Build | Mining Camp |
| 11:31 | Build | Farm |
| 11:35 | Age | Feudal Age |
| 11:37 | Create | Villager (Male) |
| 11:43 | Create | Villager (Male) |
| 11:45 | Create | Villager (Male) |
| 12:28 | Create | Villager (Male) |
| 12:32 | Build | House |
| 12:37 | Build | House |
| 13:15 | Create | Villager (Male) |
| 13:23 | Build | Market |
| 13:40 | Create | Villager (Male) |
| 13:48 | Build | Farm |
| 13:49 | Build | Farm |
| 13:52 | Build | Farm |
| 14:04 | Create | Villager (Male) |
| 14:09 | Build | Farm |
| 14:18 | Build | Farm |
| 14:28 | Build | Farm |
| 14:42 | Build | House |
| 14:56 | Build | Farm |
| 15:06 | Build | Farm |
| 15:46 | Build | Stone Wall |
| 16:14 | Build | Blacksmith |
| 16:18 | Create | Villager (Male) |
| 16:21 | Build | Farm |
| 17:03 | Build | Stone Wall |
| 17:27 | Research | Castle Age |
| 17:32 | Build | Farm |
| 17:34 | Build | Farm |
| 17:38 | Research | Double-Bit Axe |
| 17:39 | Research | Horse Collar |
| 17:50 | Build | House |
| 17:53 | Build | Stone Wall |
| 18:26 | Build | House |
| 18:44 | Build | Barracks |
| 18:52 | Create | Villager (Male) |
| 18:56 | Research | Stone Mining |
| 19:00 | Research | Gold Mining |
| 19:06 | Build | Barracks |
| 19:58 | Create | Villager (Male) |
| 20:00 | Create | Villager (Male) |
| 20:07 | Age | Castle Age |
| 20:27 | Build | Castle |
| 20:36 | Build | House |
| 20:47 | Build | House |
| 21:10 | Build | Stable |
| 21:26 | Create | Villager (Male) |
| 21:27 | Research | Wheelbarrow |
| 21:38 | Build | Town Center |
| 21:44 | Create | Villager (Male) |
| 22:53 | Build | Lumber Camp |
| 23:21 | Create | Genoese Crossbowman |
| 23:22 | Create | Genoese Crossbowman |
| 23:22 | Create | Genoese Crossbowman |
| 23:25 | Research | Forging |
| 23:28 | Research | Padded Archer Armor |
| 23:28 | Research | Fletching |
| 24:06 | Create | Genoese Crossbowman |
| 24:06 | Create | Genoese Crossbowman |
| 24:07 | Create | Genoese Crossbowman |
| 24:13 | Create | Villager (Male) |
| 24:14 | Create | Villager (Male) |
| 24:14 | Create | Villager (Male) |
| 24:16 | Create | Villager (Male) |
| 24:16 | Create | Villager (Male) |
| 24:17 | Create | Villager (Male) |
| 24:17 | Create | Villager (Male) |
| 24:18 | Create | Villager (Male) |
| 24:41 | Build | Siege Workshop |
| 25:07 | Build | House |
| 25:08 | Build | House |
| 25:16 | Create | Mangonel |
| 25:26 | Create | Villager (Male) |
| 25:27 | Create | Villager (Male) |
| 25:27 | Create | Villager (Male) |
| 25:33 | Build | Farm |
| 25:34 | Build | Farm |
| 25:35 | Build | Farm |
| 25:36 | Build | Farm |
| 25:45 | Create | Villager (Male) |
| 25:46 | Create | Villager (Male) |
| 26:31 | Build | Town Center |
| 27:41 | Create | Villager (Male) |
| 27:41 | Create | Villager (Male) |
| 27:41 | Create | Villager (Male) |
| 27:42 | Create | Villager (Male) |
| 28:01 | Create | Villager (Male) |
| 28:02 | Create | Villager (Male) |
| 28:03 | Create | Villager (Male) |
| 28:04 | Create | Villager (Male) |
| 28:10 | Build | Farm |
| 28:11 | Build | Farm |
| 28:12 | Build | Farm |
| 28:14 | Build | Farm |
| 28:17 | Build | Farm |
| 28:18 | Build | Farm |
| 28:22 | Build | Farm |
| 28:24 | Build | Farm |
| 28:25 | Build | Farm |
| 28:28 | Build | Farm |
| 28:30 | Build | Farm |
| 28:34 | Create | Villager (Male) |
| 28:34 | Create | Villager (Male) |
| 28:35 | Create | Villager (Male) |
| 28:40 | Create | Villager (Male) |
| 28:40 | Create | Villager (Male) |
| 28:41 | Create | Villager (Male) |
| 28:41 | Create | Villager (Male) |
| 28:51 | Create | Villager (Male) |
| 28:53 | Create | Villager (Male) |
| 29:17 | Create | Genoese Crossbowman |
Build order — TORO MOLACHO
First 150 of 364 actions detected
| 0:02 | Create | Villager (Male) |
| 0:02 | Create | Villager (Male) |
| 0:02 | Create | Villager (Male) |
| 0:02 | Create | Villager (Male) |
| 0:02 | Create | Villager (Male) |
| 0:04 | Build | House |
| 0:06 | Build | House |
| 1:32 | Create | Villager (Male) |
| 1:33 | Create | Villager (Male) |
| 1:33 | Create | Villager (Male) |
| 2:03 | Create | Villager (Male) |
| 2:04 | Create | Villager (Male) |
| 2:13 | Build | Lumber Camp |
| 2:17 | Create | Villager (Male) |
| 2:17 | Create | Villager (Male) |
| 2:18 | Create | Villager (Male) |
| 2:53 | Create | Villager (Male) |
| 2:53 | Create | Villager (Male) |
| 2:53 | Create | Villager (Male) |
| 3:15 | Create | Villager (Male) |
| 3:16 | Create | Villager (Male) |
| 3:29 | Build | House |
| 3:43 | Create | Villager (Male) |
| 3:43 | Create | Villager (Male) |
| 4:00 | Create | Villager (Male) |
| 4:00 | Create | Villager (Male) |
| 4:14 | Create | Villager (Male) |
| 4:14 | Create | Villager (Male) |
| 5:01 | Research | Loom |
| 5:19 | Build | House |
| 5:29 | Create | Villager (Male) |
| 5:30 | Create | Villager (Male) |
| 5:30 | Create | Villager (Male) |
| 5:30 | Create | Villager (Male) |
| 5:30 | Create | Villager (Male) |
| 5:46 | Create | Villager (Male) |
| 5:47 | Create | Villager (Male) |
| 6:15 | Create | Villager (Male) |
| 6:15 | Create | Villager (Male) |
| 6:15 | Create | Villager (Male) |
| 6:28 | Build | Mill |
| 6:57 | Create | Villager (Male) |
| 6:57 | Create | Villager (Male) |
| 7:27 | Build | Palisade Wall |
| 7:32 | Build | Palisade Gate |
| 7:40 | Create | Villager (Male) |
| 8:28 | Build | Farm |
| 8:29 | Build | Farm |
| 8:29 | Build | Farm |
| 8:29 | Build | Farm |
| 8:29 | Build | Farm |
| 8:30 | Build | Farm |
| 8:30 | Build | Farm |
| 9:11 | Research | Feudal Age |
| 9:30 | Build | Mining Camp |
| 10:46 | Create | Villager (Male) |
| 10:46 | Create | Villager (Male) |
| 10:47 | Create | Villager (Male) |
| 10:47 | Create | Villager (Male) |
| 11:24 | Age | Feudal Age |
| 11:37 | Create | Villager (Male) |
| 11:38 | Create | Villager (Male) |
| 11:43 | Build | House |
| 11:57 | Build | Market |
| 12:18 | Create | Villager (Male) |
| 12:28 | Build | Blacksmith |
| 13:35 | Build | Farm |
| 13:35 | Build | Farm |
| 13:35 | Build | Farm |
| 13:36 | Build | Farm |
| 13:51 | Build | House |
| 13:52 | Build | House |
| 14:23 | Research | Castle Age |
| 14:33 | Create | Trade Cart |
| 15:15 | Research | Double-Bit Axe |
| 15:26 | Build | Mill |
| 16:07 | Create | Trade Cart |
| 16:10 | Research | Horse Collar |
| 16:45 | Create | Villager (Male) |
| 16:45 | Create | Villager (Male) |
| 16:45 | Create | Villager (Male) |
| 16:46 | Create | Villager (Male) |
| 16:46 | Create | Villager (Male) |
| 17:03 | Age | Castle Age |
| 17:15 | Build | Town Center |
| 17:41 | Build | House |
| 18:28 | Build | Monastery |
| 18:40 | Create | Villager (Male) |
| 18:41 | Create | Villager (Male) |
| 18:41 | Create | Villager (Male) |
| 19:14 | Create | Villager (Male) |
| 19:14 | Create | Villager (Male) |
| 19:15 | Create | Villager (Male) |
| 19:16 | Create | Villager (Male) |
| 19:16 | Create | Villager (Male) |
| 19:19 | Create | Villager (Male) |
| 19:19 | Create | Villager (Male) |
| 19:20 | Create | Monk |
| 19:21 | Create | Monk |
| 19:26 | Build | University |
| 19:28 | Build | House |
| 19:29 | Build | House |
| 19:52 | Create | Villager (Male) |
| 20:41 | Build | Farm |
| 20:41 | Build | Farm |
| 20:41 | Build | Farm |
| 20:42 | Build | Farm |
| 20:48 | Research | Wheelbarrow |
| 21:00 | Build | Town Center |
| 21:17 | Build | House |
| 21:19 | Build | House |
| 21:21 | Create | Villager (Male) |
| 21:22 | Create | Villager (Male) |
| 21:22 | Create | Villager (Male) |
| 21:23 | Create | Villager (Male) |
| 21:23 | Create | Villager (Male) |
| 21:23 | Create | Villager (Male) |
| 22:22 | Build | Farm |
| 22:22 | Build | Farm |
| 22:23 | Build | Farm |
| 22:23 | Build | Farm |
| 22:23 | Build | Farm |
| 22:24 | Build | Farm |
| 22:33 | Research | Hand Cart |
| 22:34 | Research | Town Watch |
| 22:49 | Build | House |
| 22:50 | Build | House |
| 22:56 | Create | Villager (Male) |
| 22:56 | Create | Villager (Male) |
| 22:57 | Create | Villager (Male) |
| 23:19 | Build | Farm |
| 23:19 | Build | Farm |
| 23:20 | Build | Farm |
| 23:20 | Build | Farm |
| 23:20 | Build | Farm |
| 23:20 | Build | Farm |
| 23:26 | Create | Villager (Male) |
| 23:26 | Create | Villager (Male) |
| 23:27 | Create | Villager (Male) |
| 23:48 | Build | Lumber Camp |
| 23:54 | Create | Villager (Male) |
| 23:54 | Create | Villager (Male) |
| 23:57 | Create | Villager (Male) |
| 23:57 | Create | Villager (Male) |
| 24:27 | Build | Town Center |
| 24:32 | Create | Villager (Male) |
| 24:32 | Create | Villager (Male) |
| 24:32 | Create | Villager (Male) |
| 24:33 | Create | Villager (Male) |
| 24:33 | Create | Villager (Male) |
Build order — Hrakiir
First 150 of 421 actions detected
| 0:02 | Create | Villager (Male) |
| 0:04 | Build | House |
| 0:05 | Build | House |
| 0:11 | Create | Villager (Male) |
| 0:11 | Create | Villager (Male) |
| 0:11 | Create | Villager (Male) |
| 0:15 | Research | Loom |
| 0:15 | Create | Villager (Male) |
| 0:28 | Create | Villager (Male) |
| 0:29 | Create | Villager (Male) |
| 0:29 | Create | Villager (Male) |
| 1:22 | Build | Palisade Wall |
| 2:12 | Build | Settlement |
| 2:17 | Create | Villager (Male) |
| 2:17 | Create | Villager (Male) |
| 2:50 | Create | Villager (Male) |
| 2:50 | Create | Villager (Male) |
| 3:05 | Build | House |
| 3:22 | Create | Villager (Male) |
| 3:23 | Create | Villager (Male) |
| 3:53 | Create | Villager (Male) |
| 3:53 | Create | Villager (Male) |
| 4:13 | Create | Villager (Male) |
| 4:13 | Create | Villager (Male) |
| 4:36 | Build | House |
| 4:43 | Build | House |
| 4:51 | Create | Villager (Male) |
| 4:51 | Create | Villager (Male) |
| 4:51 | Create | Villager (Male) |
| 4:54 | Create | Villager (Male) |
| 5:22 | Create | Villager (Male) |
| 5:22 | Create | Villager (Male) |
| 6:00 | Create | Villager (Male) |
| 6:01 | Create | Villager (Male) |
| 6:01 | Create | Villager (Male) |
| 6:20 | Create | Villager (Male) |
| 6:20 | Create | Villager (Male) |
| 6:30 | Build | Settlement |
| 7:06 | Create | Villager (Male) |
| 7:06 | Create | Villager (Male) |
| 7:07 | Create | Villager (Male) |
| 7:07 | Create | Villager (Male) |
| 7:56 | Create | Villager (Male) |
| 8:52 | Create | Villager (Male) |
| 8:53 | Create | Villager (Male) |
| 9:07 | Build | Settlement |
| 9:17 | Create | Villager (Male) |
| 9:37 | Create | Villager (Male) |
| 9:37 | Create | Villager (Male) |
| 10:39 | Create | Villager (Male) |
| 11:08 | Research | Feudal Age |
| 11:49 | Build | Outpost |
| 12:04 | Create | Villager (Male) |
| 12:04 | Create | Villager (Male) |
| 13:07 | Build | Farm |
| 13:10 | Build | Farm |
| 13:15 | Build | Farm |
| 13:18 | Age | Feudal Age |
| 13:47 | Build | Settlement |
| 13:54 | Create | Villager (Male) |
| 14:10 | Build | Market |
| 14:21 | Build | Blacksmith |
| 14:26 | Build | Farm |
| 14:26 | Build | Farm |
| 14:26 | Build | Farm |
| 14:27 | Build | Farm |
| 14:33 | Create | Villager (Male) |
| 14:59 | Create | Villager (Male) |
| 15:31 | Research | Castle Age |
| 15:48 | Build | Farm |
| 15:48 | Build | Farm |
| 15:48 | Build | Farm |
| 15:48 | Build | Farm |
| 16:06 | Create | Villager (Male) |
| 16:06 | Create | Villager (Male) |
| 16:18 | Build | Farm |
| 16:46 | Research | Double-Bit Axe |
| 16:47 | Research | Horse Collar |
| 18:11 | Age | Castle Age |
| 18:20 | Build | Town Center |
| 18:31 | Build | Town Center |
| 18:46 | Create | Villager (Male) |
| 19:07 | Create | Villager (Male) |
| 19:15 | Build | Farm |
| 19:48 | Create | Villager (Male) |
| 19:48 | Create | Villager (Male) |
| 19:48 | Create | Villager (Male) |
| 19:53 | Create | Villager (Male) |
| 19:53 | Create | Villager (Male) |
| 19:53 | Create | Villager (Male) |
| 19:54 | Create | Villager (Male) |
| 19:55 | Create | Villager (Male) |
| 19:55 | Create | Villager (Male) |
| 19:56 | Create | Villager (Male) |
| 19:56 | Create | Villager (Male) |
| 19:56 | Create | Villager (Male) |
| 19:58 | Create | Villager (Male) |
| 19:58 | Create | Villager (Male) |
| 19:58 | Create | Villager (Male) |
| 20:07 | Build | House |
| 20:08 | Build | House |
| 20:09 | Build | House |
| 20:10 | Build | House |
| 20:12 | Build | House |
| 20:13 | Build | House |
| 20:13 | Build | House |
| 20:18 | Build | House |
| 20:23 | Build | House |
| 20:24 | Build | House |
| 20:26 | Build | House |
| 20:27 | Build | House |
| 20:28 | Build | House |
| 20:30 | Build | House |
| 20:31 | Build | House |
| 21:33 | Create | Villager (Male) |
| 21:33 | Create | Villager (Male) |
| 21:34 | Create | Villager (Male) |
| 22:03 | Create | Villager (Male) |
| 22:03 | Create | Villager (Male) |
| 22:03 | Create | Villager (Male) |
| 22:17 | Create | Villager (Male) |
| 22:17 | Create | Villager (Male) |
| 22:18 | Create | Villager (Male) |
| 22:19 | Create | Villager (Male) |
| 22:19 | Create | Villager (Male) |
| 22:20 | Create | Villager (Male) |
| 22:22 | Create | Villager (Male) |
| 22:23 | Create | Villager (Male) |
| 22:23 | Create | Villager (Male) |
| 22:54 | Build | Monastery |
| 23:06 | Create | Villager (Male) |
| 23:06 | Create | Villager (Male) |
| 23:06 | Create | Villager (Male) |
| 23:09 | Create | Villager (Male) |
| 23:09 | Create | Villager (Male) |
| 23:09 | Create | Villager (Male) |
| 23:50 | Create | Villager (Male) |
| 23:50 | Create | Villager (Male) |
| 23:50 | Create | Villager (Male) |
| 23:56 | Build | Farm |
| 23:59 | Build | Farm |
| 24:02 | Build | Farm |
| 24:06 | Build | Farm |
| 24:13 | Build | Farm |
| 24:16 | Build | Farm |
| 24:21 | Build | Farm |
| 24:26 | Build | Farm |
| 24:29 | Build | Farm |
| 24:36 | Build | Farm |
| 24:37 | Create | Villager (Male) |
Build order — tunglam.4747
First 150 of 515 actions detected
| 0:07 | Create | Villager (Male) |
| 0:07 | Create | Villager (Male) |
| 0:08 | Create | Villager (Male) |
| 0:08 | Create | Villager (Male) |
| 0:09 | Create | Villager (Male) |
| 0:14 | Build | House |
| 0:54 | Build | Mill |
| 1:32 | Build | House |
| 1:34 | Build | House |
| 1:41 | Research | Loom |
| 2:04 | Create | Villager (Male) |
| 2:04 | Create | Villager (Male) |
| 2:23 | Build | House |
| 2:26 | Create | Villager (Male) |
| 2:27 | Create | Villager (Male) |
| 3:03 | Create | Villager (Male) |
| 3:03 | Create | Villager (Male) |
| 3:29 | Create | Villager (Male) |
| 3:30 | Create | Villager (Male) |
| 3:55 | Create | Villager (Male) |
| 3:55 | Create | Villager (Male) |
| 3:55 | Create | Villager (Male) |
| 4:07 | Create | Villager (Male) |
| 4:07 | Create | Villager (Male) |
| 4:08 | Create | Villager (Male) |
| 4:22 | Create | Villager (Male) |
| 4:22 | Create | Villager (Male) |
| 4:22 | Create | Villager (Male) |
| 4:43 | Create | Villager (Male) |
| 4:43 | Create | Villager (Male) |
| 4:44 | Create | Villager (Male) |
| 5:16 | Create | Villager (Male) |
| 5:16 | Create | Villager (Male) |
| 5:23 | Create | Villager (Male) |
| 5:23 | Create | Villager (Male) |
| 6:24 | Create | Villager (Male) |
| 6:24 | Create | Villager (Male) |
| 6:25 | Create | Villager (Male) |
| 6:42 | Create | Villager (Male) |
| 6:56 | Create | Villager (Male) |
| 6:56 | Create | Villager (Male) |
| 7:12 | Create | Villager (Male) |
| 7:12 | Create | Villager (Male) |
| 7:29 | Build | Lumber Camp |
| 7:54 | Build | House |
| 8:12 | Create | Villager (Male) |
| 8:44 | Create | Villager (Male) |
| 8:52 | Build | House |
| 9:25 | Build | Mining Camp |
| 9:30 | Create | Villager (Male) |
| 9:38 | Create | Villager (Male) |
| 9:57 | Create | Villager (Male) |
| 10:02 | Build | Farm |
| 10:12 | Research | Feudal Age |
| 10:52 | Create | Villager (Male) |
| 11:01 | Build | Farm |
| 11:05 | Build | Farm |
| 11:27 | Build | Barracks |
| 11:59 | Create | Villager (Male) |
| 12:22 | Age | Feudal Age |
| 12:27 | Build | Stable |
| 12:38 | Build | Blacksmith |
| 12:56 | Build | Farm |
| 13:24 | Research | Wheelbarrow |
| 13:37 | Build | Farm |
| 13:40 | Build | Farm |
| 14:21 | Build | Market |
| 14:24 | Create | Villager (Male) |
| 14:46 | Create | Villager (Male) |
| 15:06 | Create | Villager (Male) |
| 15:29 | Build | House |
| 15:31 | Build | House |
| 15:38 | Build | Farm |
| 15:44 | Create | Villager (Male) |
| 16:00 | Build | Farm |
| 16:28 | Build | Farm |
| 16:30 | Create | Villager (Male) |
| 17:03 | Research | Castle Age |
| 17:17 | Build | House |
| 17:23 | Create | Trade Cart |
| 17:23 | Create | Trade Cart |
| 17:27 | Research | Double-Bit Axe |
| 18:00 | Build | Farm |
| 18:23 | Build | Stable |
| 18:42 | Build | Stable |
| 18:47 | Research | Scale Barding Armor |
| 18:52 | Research | Horse Collar |
| 19:01 | Research | Bloodlines |
| 19:32 | Build | Farm |
| 19:34 | Build | Farm |
| 19:43 | Age | Castle Age |
| 20:01 | Build | Town Center |
| 20:24 | Research | Caravan |
| 20:28 | Research | Husbandry |
| 20:30 | Create | Knight |
| 20:30 | Create | Knight |
| 20:31 | Create | Knight |
| 20:31 | Create | Knight |
| 20:31 | Create | Knight |
| 20:32 | Create | Knight |
| 20:57 | Research | Scale Barding Armor |
| 21:03 | Create | Villager (Male) |
| 21:03 | Create | Villager (Male) |
| 21:28 | Build | Town Center |
| 21:36 | Create | Villager (Male) |
| 21:37 | Create | Villager (Male) |
| 21:44 | Create | Villager (Male) |
| 21:44 | Create | Villager (Male) |
| 21:44 | Create | Villager (Male) |
| 21:58 | Create | Trade Cart |
| 21:58 | Create | Trade Cart |
| 22:06 | Create | Knight |
| 22:06 | Create | Knight |
| 22:07 | Create | Knight |
| 22:09 | Create | Knight |
| 22:48 | Build | Farm |
| 22:49 | Build | Farm |
| 22:58 | Create | Villager (Male) |
| 22:59 | Create | Villager (Male) |
| 23:02 | Create | Villager (Male) |
| 23:03 | Create | Villager (Male) |
| 23:03 | Create | Villager (Male) |
| 23:10 | Build | House |
| 23:13 | Build | House |
| 23:16 | Build | House |
| 23:22 | Create | Villager (Male) |
| 23:22 | Create | Villager (Male) |
| 24:30 | Create | Villager (Male) |
| 24:30 | Create | Villager (Male) |
| 24:31 | Create | Villager (Male) |
| 24:31 | Create | Villager (Male) |
| 24:33 | Create | Villager (Male) |
| 24:42 | Build | Farm |
| 24:46 | Build | Farm |
| 24:47 | Build | Farm |
| 24:54 | Create | Villager (Male) |
| 24:57 | Research | Heavy Plow |
| 25:13 | Create | Trade Cart |
| 25:13 | Create | Trade Cart |
| 25:20 | Build | Farm |
| 25:33 | Build | Monastery |
| 25:36 | Create | Villager (Male) |
| 25:36 | Create | Villager (Male) |
| 25:38 | Create | Villager (Male) |
| 25:39 | Create | Villager (Male) |
| 25:39 | Create | Villager (Male) |
| 25:50 | Build | Mining Camp |
| 26:05 | Create | Villager (Male) |
| 26:05 | Create | Villager (Male) |
| 26:06 | Create | Villager (Male) |
Build order — 日月山河!
First 150 of 414 actions detected
| 0:05 | Build | House |
| 0:07 | Build | House |
| 0:07 | Create | Villager (Male) |
| 0:08 | Create | Villager (Male) |
| 0:08 | Create | Villager (Male) |
| 0:08 | Create | Villager (Male) |
| 0:08 | Create | Villager (Male) |
| 1:13 | Build | Palisade Wall |
| 1:48 | Create | Villager (Male) |
| 1:48 | Create | Villager (Male) |
| 1:48 | Create | Villager (Male) |
| 3:05 | Create | Villager (Male) |
| 3:05 | Create | Villager (Male) |
| 3:06 | Create | Villager (Male) |
| 3:06 | Create | Villager (Male) |
| 3:27 | Create | Villager (Male) |
| 3:27 | Create | Villager (Male) |
| 4:25 | Create | Villager (Male) |
| 4:32 | Build | Lumber Camp |
| 4:34 | Create | Villager (Male) |
| 4:34 | Create | Villager (Male) |
| 4:34 | Create | Villager (Male) |
| 4:40 | Build | House |
| 5:00 | Create | Villager (Male) |
| 5:00 | Create | Villager (Male) |
| 5:00 | Create | Villager (Male) |
| 5:00 | Create | Villager (Male) |
| 5:37 | Create | Villager (Male) |
| 5:38 | Create | Villager (Male) |
| 5:38 | Create | Villager (Male) |
| 6:02 | Research | Loom |
| 6:11 | Create | Villager (Male) |
| 6:11 | Create | Villager (Male) |
| 7:16 | Create | Villager (Male) |
| 7:16 | Create | Villager (Male) |
| 7:16 | Create | Villager (Male) |
| 7:30 | Build | Palisade Wall |
| 8:22 | Create | Villager (Male) |
| 8:23 | Create | Villager (Male) |
| 8:23 | Create | Villager (Male) |
| 8:23 | Create | Villager (Male) |
| 8:29 | Build | Mill |
| 8:50 | Create | Villager (Male) |
| 8:50 | Create | Villager (Male) |
| 9:18 | Build | House |
| 9:54 | Create | Villager (Male) |
| 9:54 | Create | Villager (Male) |
| 10:10 | Build | Mill |
| 10:29 | Build | Palisade Wall |
| 10:58 | Build | House |
| 11:04 | Build | Farm |
| 11:06 | Build | Farm |
| 11:09 | Build | Farm |
| 11:12 | Build | Farm |
| 11:17 | Build | Farm |
| 11:22 | Build | Farm |
| 11:31 | Create | Villager (Male) |
| 11:32 | Create | Villager (Male) |
| 11:32 | Create | Villager (Male) |
| 12:30 | Research | Feudal Age |
| 12:35 | Create | Villager (Male) |
| 12:35 | Create | Villager (Male) |
| 12:39 | Create | Villager (Male) |
| 12:50 | Build | Farm |
| 12:51 | Create | Villager (Male) |
| 12:51 | Create | Villager (Male) |
| 13:27 | Create | Villager (Male) |
| 13:28 | Create | Villager (Male) |
| 13:36 | Research | Feudal Age |
| 13:43 | Build | Mining Camp |
| 13:48 | Create | Villager (Male) |
| 13:49 | Create | Villager (Male) |
| 14:32 | Create | Villager (Male) |
| 15:47 | Age | Feudal Age |
| 15:51 | Create | Villager (Male) |
| 15:51 | Create | Villager (Male) |
| 16:03 | Build | Farm |
| 16:05 | Build | Farm |
| 16:10 | Build | Farm |
| 16:14 | Build | Farm |
| 16:29 | Create | Villager (Male) |
| 16:29 | Create | Villager (Male) |
| 16:32 | Build | Farm |
| 16:35 | Build | Farm |
| 16:38 | Build | Farm |
| 16:49 | Build | House |
| 16:49 | Build | House |
| 16:49 | Build | House |
| 16:49 | Build | House |
| 17:12 | Research | Wheelbarrow |
| 17:16 | Create | Villager (Male) |
| 17:16 | Create | Villager (Male) |
| 17:28 | Build | Blacksmith |
| 18:28 | Build | Market |
| 18:45 | Research | Forging |
| 18:46 | Research | Fletching |
| 18:49 | Research | Scale Barding Armor |
| 18:51 | Research | Scale Mail Armor |
| 19:08 | Research | Double-Bit Axe |
| 19:22 | Research | Castle Age |
| 19:32 | Build | Lumber Camp |
| 20:42 | Create | Villager (Male) |
| 20:42 | Create | Villager (Male) |
| 21:02 | Build | Farm |
| 22:02 | Age | Castle Age |
| 22:13 | Build | Town Center |
| 22:23 | Create | Villager (Male) |
| 22:24 | Create | Villager (Male) |
| 23:03 | Build | Town Center |
| 23:12 | Create | Villager (Male) |
| 23:12 | Create | Villager (Male) |
| 23:16 | Research | Iron Casting |
| 23:17 | Research | Chain Mail Armor |
| 23:22 | Research | Chain Barding Armor |
| 23:30 | Create | Villager (Male) |
| 23:30 | Create | Villager (Male) |
| 23:31 | Create | Villager (Male) |
| 23:40 | Research | Bow Saw |
| 23:49 | Create | Villager (Male) |
| 23:49 | Create | Villager (Male) |
| 23:50 | Create | Villager (Male) |
| 23:55 | Create | Villager (Male) |
| 24:03 | Create | Villager (Male) |
| 24:03 | Create | Villager (Male) |
| 24:34 | Create | Villager (Male) |
| 24:34 | Create | Villager (Male) |
| 24:34 | Create | Villager (Male) |
| 24:34 | Create | Villager (Male) |
| 24:35 | Create | Villager (Male) |
| 24:54 | Build | Farm |
| 24:56 | Build | Farm |
| 24:59 | Build | Farm |
| 25:03 | Build | Farm |
| 25:06 | Build | Farm |
| 25:09 | Build | Farm |
| 25:18 | Create | Villager (Male) |
| 25:19 | Create | Villager (Male) |
| 25:27 | Create | Villager (Male) |
| 25:27 | Create | Villager (Male) |
| 25:27 | Create | Villager (Male) |
| 25:47 | Build | Monastery |
| 25:56 | Build | House |
| 25:57 | Build | House |
| 25:58 | Build | House |
| 26:00 | Build | House |
| 26:26 | Create | Villager (Male) |
| 26:26 | Create | Villager (Male) |
| 26:27 | Create | Villager (Male) |
| 26:29 | Create | Villager (Male) |
| 26:29 | Create | Villager (Male) |
Build order — ab1920887041
56 actions detected in the replay
| 0:35 | Research | Loom |
| 1:30 | Create | Villager (Male) |
| 2:16 | Create | Villager (Male) |
| 2:16 | Create | Villager (Male) |
| 3:17 | Build | Mill |
| 3:21 | Create | Villager (Male) |
| 3:23 | Create | Villager (Male) |
| 3:23 | Create | Villager (Male) |
| 4:56 | Create | Villager (Male) |
| 4:57 | Create | Villager (Male) |
| 5:53 | Build | House |
| 6:20 | Create | Villager (Male) |
| 6:54 | Build | House |
| 7:11 | Build | Lumber Camp |
| 7:19 | Create | Villager (Male) |
| 7:19 | Create | Villager (Male) |
| 7:20 | Create | Villager (Male) |
| 7:21 | Create | Villager (Male) |
| 7:21 | Create | Villager (Male) |
| 8:38 | Build | House |
| 9:13 | Create | Villager (Male) |
| 9:13 | Create | Villager (Male) |
| 9:14 | Create | Villager (Male) |
| 9:16 | Create | Villager (Male) |
| 10:26 | Build | Lumber Camp |
| 10:32 | Create | Villager (Male) |
| 10:32 | Create | Villager (Male) |
| 10:48 | Build | Farm |
| 10:52 | Build | Farm |
| 11:01 | Build | Farm |
| 11:05 | Build | Farm |
| 11:22 | Build | Farm |
| 11:26 | Build | Farm |
| 11:38 | Create | Villager (Male) |
| 11:39 | Create | Villager (Male) |
| 11:40 | Create | Villager (Male) |
| 11:41 | Create | Villager (Male) |
| 12:01 | Build | House |
| 12:39 | Build | House |
| 12:41 | Build | House |
| 12:42 | Build | House |
| 12:47 | Build | House |
| 12:52 | Build | House |
| 12:54 | Build | House |
| 12:55 | Build | House |
| 14:49 | Create | Villager (Male) |
| 15:51 | Build | Barracks |
| 16:27 | Create | Militia ×2 |
| 16:35 | Research | Feudal Age |
| 16:51 | Build | Barracks |
| 18:45 | Age | Feudal Age |
| 18:50 | Create | Spearman ×5 |
| 18:50 | Create | Spearman ×5 |
| 19:13 | Build | Lumber Camp |
| 23:40 | Create | Spearman ×5 |
| 23:41 | Create | Spearman ×5 |
Match timeline
| 0:47 | islesofurth · wall_segment Palisade Wall x8 |
| 1:13 | 日月山河! · wall_segment Palisade Wall x8 |
| 1:22 | Hrakiir · wall_segment Palisade Wall x8 |
| 1:24 | islesofurth · wall_segment Palisade Wall x1 |
| 1:26 | islesofurth · wall_segment Palisade Wall x1 |
| 1:29 | islesofurth · wall_segment Palisade Wall x1 |
| 1:33 | islesofurth · wall_segment Palisade Wall x1 |
| 1:36 | islesofurth · wall_segment Palisade Wall x1 |
| 1:40 | islesofurth · wall_segment Palisade Wall x1 |
| 1:41 | islesofurth · wall_segment Palisade Wall x1 |
| 1:41 | islesofurth · wall_segment Palisade Wall x1 |
| 1:42 | islesofurth · wall_segment Palisade Wall x1 |
| 1:43 | islesofurth · wall_segment Palisade Wall x1 |
| 1:44 | islesofurth · wall_segment Palisade Wall x1 |
| 1:53 | islesofurth · wall_segment Palisade Wall x9 |
| 3:37 | islesofurth · wall_segment Palisade Wall x6 |
| 4:02 | islesofurth · wall_segment Palisade Wall x1 |
| 6:40 | islesofurth · wall_segment Palisade Wall x1 |
| 6:51 | islesofurth · wall_segment Palisade Wall x1 |
| 6:55 | islesofurth · wall_segment Palisade Wall x1 |
| 7:27 | TORO MOLACHO · wall_segment Palisade Wall x7 |
| 7:30 | 日月山河! · wall_segment Palisade Wall x14 |
| 9:00 | seenulator · wall_segment Palisade Wall x11 |
| 10:21 | seenulator · age_up feudal |
| 10:29 | 日月山河! · wall_segment Palisade Wall x12 |
| 10:38 | seenulator · first_building Barracks |
| 11:24 | TORO MOLACHO · age_up feudal |
| 11:27 | tunglam.4747 · first_building Barracks |
| 11:35 | Zeusman · age_up feudal |
| 12:22 | tunglam.4747 · age_up feudal |
| 12:27 | tunglam.4747 · first_building Stable |
| 13:18 | Hrakiir · age_up feudal |
| 13:20 | seenulator · wall_segment Palisade Wall x1 |
| 13:33 | islesofurth · age_up feudal |
| 14:03 | islesofurth · wall_segment Stone Wall x7 |
| 15:46 | Zeusman · wall_segment Stone Wall x14 |
| 15:47 | 日月山河! · age_up feudal |
| 15:51 | ab1920887041 · first_building Barracks |
| 17:03 | TORO MOLACHO · age_up castle |
| 17:03 | Zeusman · wall_segment Stone Wall x10 |
| 17:53 | Zeusman · wall_segment Stone Wall x1 |
| 18:11 | Hrakiir · age_up castle |
| 18:28 | TORO MOLACHO · first_building Monastery |
| 18:44 | Zeusman · first_building Barracks |
| 18:45 | ab1920887041 · age_up feudal |
| 19:02 | islesofurth · age_up castle |
| 19:23 | seenulator · first_market_sell 100 wood |
| 19:25 | seenulator · first_market_buy 100 food |
| 19:32 | islesofurth · wall_segment Stone Wall x9 |
| 19:43 | tunglam.4747 · age_up castle |
| 20:07 | Zeusman · age_up castle |
| 20:10 | Zeusman · first_market_buy 100 stone |
| 20:27 | Zeusman · first_building Castle |
| 20:30 | islesofurth · first_building Castle |
| 20:45 | islesofurth · wall_segment Stone Wall x4 |
| 20:49 | islesofurth · wall_segment Stone Wall x6 |
| 21:10 | Zeusman · first_building Stable |
| 22:02 | 日月山河! · age_up castle |
| 22:54 | Hrakiir · first_building Monastery |
| 23:19 | islesofurth · wall_segment Stone Wall x1 |
| 24:41 | Zeusman · first_building Siege Workshop |
| 25:00 | islesofurth · first_market_buy 100 food |
| 25:19 | Hrakiir · first_market_sell 500 wood |
| 25:33 | tunglam.4747 · first_building Monastery |
| 25:47 | 日月山河! · first_building Monastery |
| 26:52 | TORO MOLACHO · first_building Siege Workshop |
| 26:57 | ab1920887041 · resign |
| 27:29 | seenulator · age_up castle |
| 28:52 | Hrakiir · first_building Castle |
| 29:02 | Hrakiir · wall_segment Stone Wall x8 |
| 29:14 | islesofurth · first_building Monastery |
| 29:41 | Hrakiir · wall_segment Stone Wall x2 |
| 29:43 | Hrakiir · wall_segment Stone Wall x4 |
| 30:09 | 日月山河! · wall_segment Stone Wall x14 |
| 30:11 | seenulator · first_building Archery Range |
| 30:36 | TORO MOLACHO · first_building Castle |
| 32:23 | Hrakiir · first_building Barracks |
| 32:32 | 日月山河! · age_up imperial |
| 32:52 | Zeusman · wall_segment Stone Wall x10 |
| 32:58 | islesofurth · first_building Barracks |
| 33:01 | 日月山河! · first_building Siege Workshop |
| 33:49 | islesofurth · first_building Stable |
| 33:51 | seenulator · first_building Monastery |
| 33:52 | Zeusman · age_up imperial |
| 34:39 | tunglam.4747 · age_up imperial |
| 34:47 | islesofurth · age_up imperial |
| 35:27 | TORO MOLACHO · age_up imperial |
| 35:34 | tunglam.4747 · first_building Archery Range |
| 36:22 | Hrakiir · age_up imperial |
| 37:06 | islesofurth · first_market_sell 500 food |
| 37:20 | tunglam.4747 · first_building Castle |
| 38:43 | seenulator · age_up imperial |
| 39:43 | islesofurth · wall_segment Stone Wall x1 |
| 39:44 | islesofurth · wall_segment Stone Wall x1 |
| 39:47 | islesofurth · wall_segment Stone Wall x1 |
| 39:48 | islesofurth · wall_segment Stone Wall x1 |
| 39:51 | islesofurth · wall_segment Stone Wall x1 |
| 40:41 | islesofurth · wall_segment Stone Wall x1 |
| 40:44 | islesofurth · wall_segment Stone Wall x1 |
| 40:46 | islesofurth · wall_segment Stone Wall x1 |
| 43:01 | 日月山河! · first_building Barracks |
| 43:13 | seenulator · first_building Stable |
| 43:29 | 日月山河! · first_building Castle |
| 43:51 | 日月山河! · first_building Stable |
| 43:53 | TORO MOLACHO · first_building Barracks |
| 45:13 | seenulator · first_building Castle |
| 46:45 | TORO MOLACHO · first_building Stable |
[ AI ANALYSIS · 1 CREDIT ]
What really happened in this match?
Wolo.gg analyzes every decision: build order, eco, micro, common mistakes by bracket. Personalized analysis on WhatsApp or Discord in 30 seconds.
Civ guide
Bengalis
Perfil
Jugador #17013550